 Dungeon Crawl Stone Soup version 0.31.0-1-g2c135a0 (webtiles) character file.

Game seed: 9866720698131014563

108 Xerrl the Sneak (level 5, 0/40 HPs)
             Began as a Djinni Delver on Mar 20, 2024.
             Slain by Jessica
             ... wielding a +0 dagger
              (3 damage)
             ... on level 2 of the Dungeon.
             The game lasted 00:04:46 (1442 turns).

Xerrl the Sneak (Djinni Delver)                     Turns: 1442, Time: 00:04:46

Health: 0/40       AC:  4    Str: 11    XL:     5   Next: 12%
Gold:   124        EV: 13    Int: 13    God:
                   SH:  0    Dex: 15

rFire   + + .        a - +0 falchion
rCold   x . .        (no shield)
rNeg    . . .        k - +0 robe
rPois   ∞            (no helmet)
rElec   .            (no cloak)
rCorr   .            t - +1 pair of gloves of the Sky {rPois}
SInv    .            (boots unavailable)
Will    +....        (no amulet)
Stlth   +++          (no ring)
HPRegen 0.26/turn    (no ring)
MPRegen 0.00/turn

%: infuse magic (-1 HP)
@: on blink cooldown, enlightened, flying
A: sickness immunity, fire resistance 2, cold vulnerability 1, float, innate
caster, HP casting, extra vitality 1
a: no special abilities


You were on level 2 of the Dungeon.
You visited 1 branch of the dungeon, and saw 4 of its levels.

You collected 124 gold pieces.

Inventory:

Hand Weapons
 a - a +0 falchion (weapon)
 n - a +0 trident
 q - a +0 short sword
Armour
 b - a +0 leather armour
 k - a +0 robe (worn)
 o - a +0 leather armour
 s - a +0 plate armour
 t - the +1 pair of gloves of the Sky (worn) {rPois}
   (You found it on level 2 of the Dungeon)

   rPois:     It protects you from poison
Jewellery
 j - a +5 ring of evasion
Talismans
 r - a flux talisman
Wands
 g - a wand of digging (3)
Scrolls
 c - a scroll of fog
 d - 2 scrolls of revelation
 e - a scroll of fear
 f - a scroll of noise {unknown}
 i - 2 scrolls of identify {unknown}
 l - a scroll of blinking {unknown}
Potions
 h - a potion of cancellation {unknown}
 m - a potion of mutation {unknown}
 u - a potion of brilliance {unknown}


   Skills:
 + Level 3.5 Fighting
 - Level 2.0 Long Blades
 + Level 3.0 Dodging
 - Level 4.2 Stealth
 + Level 1.1 Spellcasting
 + Level 1.1 Conjurations
 + Level 1.1 Hexes
   Level 0.0 Charms
 + Level 1.1 Summonings
 + Level 1.1 Necromancy
 + Level 1.1 Translocations
   Level 0.0 Transmutations
 + Level 1.1 Fire Magic
 + Level 1.1 Ice Magic
 + Level 1.1 Air Magic
 + Level 1.1 Earth Magic
 + Level 1.1 Alchemy
 * Level 2.0 Evocations


You knew the following spells:

 Your Spells              Type           Power      Damage    Failure   Level
a - Shock                 Conj/Air       12%        1d3       19%         1
b - Blink                 Tloc           6%         N/A       26%         2
Your spell library was empty.

Dungeon Overview and Level Annotations

Branches:
Dungeon (5/15)
 Temple: D:4-7

Altars:

Shops:
D:3 (   D:4 (

Annotations:
D:2 Jessica, Natasha


Innate Abilities, Weirdness & Mutations

You are immune to sickness and miasma.
You are immune to poison.
Your flesh is very heat resistant. (rF++)
You are vulnerable to cold. (rC-)
You float through the air rather than walking.
You learn spells naturally, not from books.
Your magical power is your life essence.
You have superior vitality. (+4 MHP)


Message History

Aim: Jessica, wielding a +0 dagger and wearing a +0 robe (moderately wounded, fast, 64% to hit)
The zap hits Jessica.
Jessica is severely wounded.
Natasha hisses.
Casting: Shock (safe; 19% risk of failure)
Confirm with . or Enter, or press ? or * to list all spells.
Aiming: Shock (safe; 19% risk of failure)
Press: ? - help, Shift-Dir - straight line, f/p - Jessica
Aim: Jessica, wielding a +0 dagger and wearing a +0 robe (severely wounded, fast, 64% to hit)
The zap misses Jessica.
Jessica hits you with a +0 dagger.
The cerulean imp hits you from afar with a +1 spear.
* * * LOW HITPOINT WARNING * * *
Jessica closely misses you.
You closely miss Jessica.
Jessica is severely wounded.
Jessica casts a spell at you. Pain shoots through your body!
* * * LOW HITPOINT WARNING * * *
The cerulean imp hits you but does no damage.
Jessica mumbles some strange words.
Jessica blinks!
The cerulean imp hits you from afar with a +1 spear.
* * * LOW HITPOINT WARNING * * *
Natasha stares at you and mumbles some strange words.
The magic dart hits you.
* * * LOW HITPOINT WARNING * * *
The cerulean imp closely misses you.
Natasha extends her claws.
Casting: Shock (safe; 19% risk of failure)
Confirm with . or Enter, or press ? or * to list all spells.
You blink.
* * * LOW HITPOINT WARNING * * *
Jessica gestures at you while chanting.
You struggle to resist.
Natasha casts a spell.
It was a potion of enlightenment.
You feel more buoyant. Jessica hits you with a +0 dagger.
You die...

#........##.........
##...................
##########...5......
#.5h.......
#..........
#..5.......
#..........
###@....[.. #@?......
#........ ########.


You could see Natasha, 3 cerulean imps and Jessica (fast).

Vanquished Creatures
  Natasha (twice) (D:2)
  4 adders
  An orc (D:3)
  2 endoplasms (D:2)
  A giant cockroach (D:2)
  A goblin (D:3)
  5 hobgoblins
  2 kobolds (D:2)
  2 quokkas
  A frilled lizard (D:3)
  2 rats (D:3)
23 creatures vanquished.

Notes
Turn   | Place    | Note
-------+----------+-------------------------------------------
     0 | D:5      | Xerrl the Djinni Delver began the quest for the Orb.
     0 | D:5      | Reached XP level 1. HP: 20/20 MP: 0/0
    38 | D:5      | Noticed a hound
    51 | D:5      | Noticed an iguana
    57 | D:4      | Found Jural's Weapon Shoppe.
   170 | D:3      | Reached XP level 2. HP: 24/25 MP: 0/0
   354 | D:3      | Noticed an ice beast
   355 | D:3      | Found Huch's Antique Weapon Boutique.
   371 | D:3      | You are sucked into a shaft and drop 1 floor!
   512 | D:3      | Reached XP level 3. HP: 30/30 MP: 0/0
   512 | D:3      | Learned a level 1 spell: Shock
   576 | D:3      | Reached skill level 1 in Evocations
   720 | D:2      | Reached XP level 4. HP: 11/35 MP: 0/0
   840 | D:2      | Reached skill level 1 in Spellcasting
   840 | D:2      | Reached skill level 1 in Conjurations
   840 | D:2      | Reached skill level 1 in Hexes
   840 | D:2      | Reached skill level 1 in Summonings
   840 | D:2      | Reached skill level 1 in Necromancy
   840 | D:2      | Reached skill level 1 in Translocations
   840 | D:2      | Reached skill level 1 in Fire Magic
   840 | D:2      | Reached skill level 1 in Ice Magic
   840 | D:2      | Reached skill level 1 in Air Magic
   840 | D:2      | Reached skill level 1 in Earth Magic
   840 | D:2      | Reached skill level 1 in Alchemy
   891 | D:2      | Noticed Natasha
   900 | D:2      | Killed Natasha
  1122 | D:2      | Identified the +1 pair of gloves of the Sky {rPois}
  1211 | D:2      | Noticed Natasha
  1221 | D:2      | Killed Natasha
  1222 | D:2      | Reached XP level 5. HP: 13/40 MP: 0/0
  1222 | D:2      | Learned a level 2 spell: Blink
  1430 | D:2      | Noticed Jessica
  1432 | D:2      | Noticed Natasha
  1442 | D:2      | Slain by Jessica

Illustrated notes

Levels and vault maps discovered:
D:2:      layout_basic, serial_bayou_lagoon_a, uniq_natasha, uniq_robin,
          uniq_jessica
D:3:      cheibrodos_fertilizer, layout_basic, serial_shops,
          nicolae_diamond_shop, st_stairs_3
D:4:      layout_basic, serial_shops, shop, minmay_manual_monstrance
D:5:      nicolae_cairo_tiling_very_big, layout_layer_cave

Skill      XL: |  1  2  3  4 |
---------------+-------------+-----
Long Blades    | 2 |  2.0
Evocations     | 1 2 |  2.0
Spellcasting   | 1 |  1.1
Conjurations   | 1 |  1.1
Hexes          | 1 |  1.1
Summonings     | 1 |  1.1
Necromancy     | 1 |  1.1
Translocations | 1 |  1.1
Fire Magic     | 1 |  1.1
Ice Magic      | 1 |  1.1
Air Magic      | 1 |  1.1
Earth Magic    | 1 |  1.1
Alchemy        | 1 |  1.1
Dodging        | 3 |  3.0
Fighting       | |  3.5
Stealth        | |  4.2

Action                     |  1- 3 |  4- 6 || total
---------------------------+-------+-------++-------
  Melee: Falchion          |    65 |    24 ||    89
         Unarmed           |       |     5 ||     5
   Cast: Shock             |     9 |    15 ||    24
         Blink             |       |     1 ||     1
    Use: Potion            |     1 |     1 ||     2
   Stab: Sleeping          |     2 |       ||     2
 Armour: Leather armour    |    20 |       ||    20
         Robe              |    23 |    26 ||    49
  Dodge: Dodged            |    42 |    24 ||    66
         Form:             |       |     1 ||     1
         Flux              |       |     1 ||     1
